Reakly vs JEFG very intence match

Match 25756079
End
Engineer Squad
Construct Barracks
1⁄4-ton 4x4 Truck
Riflemen Squad
Riflemen Squad
Riflemen Squad
Construct Medical Station
Infantry Support Center
M1918 Browning Automatic Rifles
Grenade Package
Riflemen Squad
Construct Tank Depot
Selects Armored Battlegroup
Selects Strength in Steel
Selects Seek and Destroy
Selects UNKNOWN (2160077)
Riflemen Squad
Selects Veteran Crews
Selects Field Repairs
Selects War Machine
M4A3E8 Sherman Easy Eight
Riflemen Squad
M4A3E8 Sherman Easy Eight
Construct Motor Pool
M24 Chaffee Light Tank
M1 Anti-tank Gun Team
M24 Chaffee Light Tank
M24 Chaffee Light Tank
Field Repairs
Seek and Destroy
M1 Anti-tank Gun Team
JEFG
Reakly
0
0

Comments sign in to comment!

No comments posted yet!